 Dungeon Crawl Stone Soup version 0.28-a0-1235-g7c8fac35f0 (webtiles) character file.

Game seed: 9050212736688414197

0 croobank the Chiller (level 1, 0/13 HPs)
             Began as a Barachi Ice Elementalist on Dec 25, 2021.
             Constricted to death by a ball python (1 damage)
             ... on level 1 of the Dungeon.
             The game lasted 00:01:13 (77 turns).

croobank the Chiller (Barachi Ice Elementalist)       Turns: 77, Time: 00:01:14

Health: 0/13       AC:  2    Str:  9    XL:     1   Next: 10%
Magic:  3/3        EV:  9    Int: 15    God:
Gold:   15         SH:  0    Dex: 12    Spells: 3/4 levels left

rFire   . . .      SeeInvis .   c - +0 war axe
rCold   . . .      Faith    .   (no shield)
rNeg    . . .      Spirit   .   a - +0 robe
rPois   .          Reflect  .   (no helmet)
rElec   .          Harm     .   (no cloak)
rCorr   .          Rampage  .   (no gloves)
Will    .....                   (no boots)
Stlth   ++........              (no amulet)
HPRegen 0.04/turn               (no ring)
MPRegen 0.08/turn               (no ring)

@: constricted, slow
A: amphibious, slowness 1, strong legs 1, +LOS
a: Hop


You were on level 1 of the Dungeon.
You visited 1 branch of the dungeon, and saw 1 of its levels.

You collected 15 gold pieces.

Inventory:

Hand Weapons
 c - a +0 war axe (weapon)
Missiles
 b - 27 stones
Armour
 a - a +0 robe (worn)
 d - a +1 ring mail of fire resistance


   Skills:
 + Level 2.2 Dodging
 + Level 1.7 Stealth
 + Level 2.2 Spellcasting
 + Level 4.8 Ice Magic


You had 3 spell levels left.
You knew the following spells:

 Your Spells              Type           Power      Damage    Failure   Level
a - Freeze                Ice            64%        1d8       3%          1

Your spell library contained the following spells:

 Spells                   Type           Power      Damage    Failure   Level
 Frozen Ramparts          Ice            32%        1d5       9%          3
 Ozocubu's Armour         Ice            16%        N/A       9%          3
 Hailstorm                Conj/Ice       8%         3d4       63%         4


Dungeon Overview and Level Annotations

Branches:
Dungeon (1/15)

Altars:


Innate Abilities, Weirdness & Mutations

You are amphibious.
You cover ground slowly.
You can hop short distances.
You have an extended range of vision and can be seen from far away.


Message History

Found a curved glowing staff.
Found a dagger.
An endoplasm comes into view.
You see here a +1 ring mail of fire resistance.
Okay, then.
d - a +1 ring mail of fire resistance The ball python hisses angrily.
Found a thick bronze amulet.
The ball python bites you but does no damage.
The ball python closely misses you. The ball python bites you.
The ball python grabs you. The ball python constricts you.
The endoplasm quivers.
You hit the ball python.
The ball python is heavily wounded.
The ball python barely misses you. The ball python constricts you.
The endoplasm closely misses you. The ball python barely misses you.
The ball python constricts you.
You barely miss the ball python.
The ball python is heavily wounded.
You hit the endoplasm but do no damage. The ball python bites you.
The ball python constricts you. The endoplasm freezes you.
You are frozen.
You closely miss the ball python.
The ball python is heavily wounded.
You hit the endoplasm but do no damage. The ball python closely misses you.
The ball python constricts you. The endoplasm freezes you.
You are frozen.
* * * LOW HITPOINT WARNING * * *
The ball python closely misses you. The ball python constricts you.
The endoplasm hits you but does no damage.
You escape the ball python's grasp.
The ball python bites you but does no damage.
The ball python misses you. The ball python closely misses you. x2
The ball python barely misses you. The ball python misses you.
The ball python misses you. The ball python grabs you.
The ball python constricts you.
You die...

#### ### ....... ##### #..##.#
#...###. #..##.# #.<.....
#####..##.# #...###.
###........@## ##.## ##
...........S.# #...###.
|.........J.#### # #.⌠.....
#.##..........#.###...###. #.
##.##..........#.#.##### ##
#..##..)#............#.#...###.
.....#....>.......###.#.⌠.....
#...#.##.......# #.#...###.
##....##.......###.##'## ##


You could see an endoplasm and a ball python.

Vanquished Creatures
  A bat (D:1)
1 creature vanquished.

Notes
Turn   | Place    | Note
-------+----------+-------------------------------------------
     0 | D:1      | croobank the Barachi Ice Elementalist began the quest for
                  | the Orb.
     0 | D:1      | Reached XP level 1. HP: 13/13 MP: 3/3
    77 | D:1      | Constricted to death by a ball python

Illustrated notes

Levels and vault maps discovered:
D:1:      minmay_arrival_nine_rooms, layout_loops_ring,
          ebering_ecumenical_altar_box, minmay_misc_feat_more_columns

Action                   || total
-------------------------++-------
Melee: War axe           ||     4
 Cast: Freeze            ||     1
Armor: Robe              ||     6
Dodge: Dodged            ||    17

Table legend: (Time is in decaauts)
 A = Elapsed time spent in this place.
 B = Non-inter-level travel time spent in this place.
 C = Inter-level travel time spent in this place.
 D = Time resting spent in this place.
 E = Time spent auto-exploring this place.
 F = Levels seen in this place.
 G = Mean time per level.
                   A        B        C        D        E       F      G
               +--------+--------+--------+--------+--------+-----+--------+
         Total |     90 |     90 |      0 |      0 |     39 |   1 |   90.0 |
       Dungeon |     90 |     90 |      0 |      0 |     39 |   1 |   90.0 |
               +--------+--------+--------+--------+--------+-----+--------+

Top non-repeatable levels by time:
     D:1: 90 daAuts
